 Dungeon Crawl Stone Soup version 0.27-a0-237-g52650a7530 (webtiles) character file.

Game seed: 14755837899605233005

10 Redear the Vexing (level 2, 4/24 HPs)
             Began as a Palentonga Arcane Marksman on Feb 2, 2021.
             Quit the game on level 2 of the Dungeon.
             The game lasted 00:02:36 (422 turns).

Redear the Vexing (Palentonga Arcane Marksman)       Turns: 422, Time: 00:02:36

Health: 4/24       AC:  4    Str: 13    XL:     2   Next: 10%
Magic:  3/3        EV: 10    Int: 13    God:
Gold:   15         SH:  0    Dex: 10    Spells: 2/3 levels left

rFire    . . .     SeeInvis +   a - +0 shortbow
rCold    . . .     Faith    .   (shield currently unavailable)
rNeg     . . .     Spirit   .   e - +0 robe
rPois    .         Reflect  .   (no helmet)
rElec    .         Harm     .   (no cloak)
rCorr    .         Rampage  .   (no gloves)
Will     .....                  (no barding)
Stlth    +.........             (no amulet)
HPRegen  0.08/turn              (no ring)
MPRegen  0.08/turn              (no ring)

@: no status effects
A: large, rugged brown scales 3, see invisible, deformed body, roll 1, armoured
tail
a: Rolling Charge


You were on level 2 of the Dungeon.
You visited 1 branch of the dungeon, and saw 2 of its levels.

You collected 15 gold pieces.

Inventory:

Hand Weapons
 a - a +0 shortbow (weapon)
Missiles
 d - 12 arrows (quivered ammo)
Armour
 e - a +0 robe (worn)
Jewellery
 f - a cursed ring of teleportation {unknown}
Scrolls
 b - a scroll of remove curse {unknown}
Potions
 c - a potion of haste {@q5}


   Skills:
 + Level 1.2 Fighting
 + Level 1.7 Bows
 + Level 1.7 Dodging
 + Level 1.2 Spellcasting
 + Level 3.1 Hexes


You had 2 spell levels left.
You knew the following spells:

 Your Spells              Type           Power        Failure   Level
a - Corona                Hex            8%           8%          1

Your spell library contained the following spells:

 Spells                   Type           Power        Failure   Level
 Slow                     Hex            8%           12%         2
 Inner Flame              Hex/Fire       4%           41%         3
 Portal Projectile        Hex/Tloc       8%           41%         3
 Cause Fear               Hex            4%           58%         4
 Leda's Liquefaction      Hex/Erth       2%           82%         4


Dungeon Overview and Level Annotations

Branches:
Dungeon (1/15)

Altars:

Annotations:
D:2 Jessica


Innate Abilities, Weirdness & Mutations

You are completely covered in rugged brown scales. (AC +3, +7% HP)
You have supernaturally acute eyesight. (SInv)
Armour fits poorly on your strangely shaped body.
You can roll at nearby foes to attack.
You have a long armoured tail.


Message History

You take 11 damage, and have 10/24 hp.
MASSIVE DAMAGE!!
Fire: 13 arrows
Press: ? - help, Q - select action, (/) - cycle Shift-Dir - straight line, f/p - Jessica
Aim: Jessica, wielding a +0 dagger and wearing a +0 robe (fast, 54% to hit)
You shoot an arrow.
The arrow hits Jessica but does no damage.
Jessica closely misses you.
Roll where?
Press: ? - help, Dir - move target, f - worm, p - Jessica
Aim: a worm You roll forward with a clatter of scales!
You clumsily bash the worm but do no damage.
A bat comes into view.
Jessica hits you but does no damage. Jessica closely misses you.
The worm bites you.
* * * LOW HITPOINT WARNING * * *
Jessica hits you but does no damage.
Found a scroll labelled SOHUBUHUOQ.
You take 6 damage, and have 4/24 hp.
MASSIVE DAMAGE!!
Are you sure you want to abandon this character and quit the game? (Confirm with "yes".)

#.(...(..#
.##.!..<(..#
b.........#
###........##.#
#..........#..
?.......(..#(#
....!...@..#.###
#.w@°......#
#......>..>#
#####..........#
...............#
#####.[....††..#
#..........#
#..........#
############


You could see a worm, Jessica (fast) and a bat.

Vanquished Creatures
  A dart slug (D:2)
  A goblin (D:1)
  3 bats (D:1)
  2 kobolds (D:1)
  2 rats
9 creatures vanquished.

Notes
Turn   | Place    | Note
-------+----------+-------------------------------------------
     0 | D:1      | Redear the Palentonga Arcane Marksman began the quest for
                  | the Orb.
     0 | D:1      | Reached XP level 1. HP: 17/17 MP: 2/2
   351 | D:1      | You fall into a shaft and drop 1 floor!
   357 | D:2      | Reached XP level 2. HP: 19/24 MP: 0/3
   415 | D:2      | Noticed Jessica
   422 | D:2      | Quit the game

Illustrated notes

Levels and vault maps discovered:
D:1:      psy_arrival_terrarium, layout_basic
D:2:      layout_rooms, uniq_sigmund, uniq_jessica

Action                   || total
-------------------------++-------
Melee: Shortbow          ||    16
       Tailslap          ||     1
 Fire: Shortbow          ||    27
 Cast: Corona            ||    15
 Abil: Rolling Charge    ||     2
Armor: Robe              ||    25
Dodge: Dodged            ||    35

Table legend: (Time is in decaauts)
 A = Elapsed time spent in this place.
 B = Non-inter-level travel time spent in this place.
 C = Inter-level travel time spent in this place.
 D = Time resting spent in this place.
 E = Time spent auto-exploring this place.
 F = Levels seen in this place.
 G = Mean time per level.
                   A        B        C        D        E       F      G
               +--------+--------+--------+--------+--------+-----+--------+
         Total |    435 |    435 |      0 |      0 |    270 |   2 |  217.5 |
       Dungeon |    435 |    435 |      0 |      0 |    270 |   2 |  217.5 |
               +--------+--------+--------+--------+--------+-----+--------+

Top non-repeatable levels by time:
     D:1: 355 daAuts
     D:2: 79 daAuts
